 Dungeon Crawl Stone Soup version 0.24.0 (webtiles) character file.

Game seed: 16291815046309827522, levelgen mode: deterministic

86 Buxparty the Shield-Bearer (level 4, -1/29 HPs)
             Began as a Gargoyle Fighter on Mar 21, 2020.
             Shot with an arrow by a centaur (9 damage)
             ... on level 5 of the Dungeon.
             The game lasted 00:02:12 (1317 turns).

Buxparty the Shield-Bearer (Gargoyle Fighter)       Turns: 1317, Time: 00:02:12

Health: -1/29      AC: 10    Str: 21    XL:     4   Next: 49%
Magic:  4/4        EV:  7    Int:  8    God:
Gold:   24         SH:  9    Dex:  9    Spells: 3/3 levels left

rFire    . . .     SeeInvis .   a - +0 long sword
rCold    . . .     Gourm    .   c - +0 shield
rNeg     + . .     Faith    .   b - +0 scale mail
rPois    ∞         Spirit   .   (no helmet)
rElec    +         Reflect  .   (no cloak)
rCorr    .         Harm     .   (no gloves)
MR       .....                  (no boots)
Stlth    ..........             (no amulet)
HPRegen  0.09/turn              (no ring)
MPRegen  0.09/turn              (no ring)

@: no status effects
A: negative energy resistance 1, electricity resistance, unbreathing,
petrification resistance, rot immunity, AC +3
a: no special abilities


You were on level 5 of the Dungeon.
You were very hungry.

You visited 1 branch of the dungeon, and saw 5 of its levels.

You collected 24 gold pieces.

Inventory:

Hand Weapons
 a - a +0 long sword (weapon)
Armour
 b - a +0 scale mail (worn)
 c - a +0 shield (worn)
Jewellery
 i - an uncursed ring of wizardry {unknown}
Scrolls
 e - 2 scrolls of identify {unknown}
 g - a scroll of fear {unknown}
 h - 2 scrolls of enchant armour {unknown}
 j - a scroll of immolation {unknown}
 m - a scroll of noise {unknown}
 n - a scroll of remove curse {unknown}
Potions
 d - a potion of might
 k - 2 potions of curing {unknown}
 l - 2 potions of lignification {unknown}
Comestibles
 f - 5 rations


   Skills:
 + Level 3.8 Fighting
 * Level 2.9 Long Blades
 + Level 3.8 Armour
 + Level 3.9 Shields


You had 3 spell levels left.
You didn't know any spells.
Your spell library was empty.

Dungeon Overview and Level Annotations

Branches:
Dungeon (6/15)
 Temple: D:4-7

Altars:


Innate Abilities, Weirdness & Mutations

You are resistant to torment.
Your stone body is resilient. (AC +3)
You are immune to poison.
You resist negative energy. (rN+)
You are resistant to electric shocks. (rElec)
You can survive without breathing.
You are immune to petrification.
You are immune to rotting.


Message History

You block the arrow. You block the giant cockroach's attack.
You see here an arrow.
You closely miss the giant cockroach.
The centaur shoots an arrow.
You block the arrow. The giant cockroach barely misses you.
The centaur shoots an arrow.
The arrow hits you.
You closely miss the giant cockroach. You block the giant cockroach's attack.
The centaur shoots an arrow.
You block the arrow.
The giant cockroach bites you but does no damage.
You slash the giant cockroach!
You kill the giant cockroach!
You block the leopard gecko's attack.
You closely miss the leopard gecko. The leopard gecko barely misses you.
Your shield prevents you from hitting the leopard gecko.
You block the leopard gecko's attack. x2
You hit the leopard gecko but do no damage.
The centaur shoots an arrow.
The arrow hits you!
* * * LOW HITPOINT WARNING * * *
You block the leopard gecko's attack.
The centaur shoots an arrow.
The arrow hits you!
You die...

##.. #... .....
..... ......
......#####
.....cl.#.#
......†@..###
..........).#
#...........##
.............#
............##
..........#.#
..........###
.........#####
.........###.##


You could see a centaur and a leopard gecko.

Vanquished Creatures
  A centaur skeleton (D:5)
  Jessica (D:2)
  A worm (D:2)
  2 leopard geckos (D:2)
  A ball python (D:2)
  4 giant cockroaches
  5 goblins
  3 hobgoblins
  4 bats
  A frilled lizard (D:1)
  A kobold (D:2)
  3 rats (D:1)
27 creatures vanquished.

Notes
Turn   | Place    | Note
-------+----------+-------------------------------------------
     0 | D:1      | Buxparty the Gargoyle Fighter began the quest for the Orb.
     0 | D:1      | Reached XP level 1. HP: 14/14 MP: 1/1
   268 | D:1      | Reached XP level 2. HP: 18/19 MP: 2/2
   756 | D:2      | Reached XP level 3. HP: 17/23 MP: 3/3
   892 | D:2      | Noticed Jessica
   897 | D:2      | Killed Jessica
   993 | D:2      | Reached XP level 4. HP: 29/29 MP: 4/4
  1155 | D:3      | You fall into a shaft and drop 3 floors!
  1176 | D:6      | Noticed a water moccasin
  1179 | D:5      | Entered Level 5 of the Dungeon
  1311 | D:5      | Noticed a centaur
  1317 | D:5      | Shot with an arrow by a centaur

Levels and vault maps discovered:
D:1:      minmay_arrival_jagged, layout_basic
D:2:      layout_rooms, first_ration, uniq_jessica
D:3:      layout_loops_corners, dancing_weapons_uskayaw, uniq_ijyb,
          uniq_natasha, uniq_grinder
D:5:      layout_cave_pools, serial_shops, shop, uniq_edmund
D:6:      layout_rooms, kennysheep_mini, lemuel_round_altar,
          gup_sewer_entry_pipe, lightli_minifort
